 Dungeon Crawl Stone Soup version 0.19.0-20-gbc5f0c6 (webtiles) character file.

224 smedtjen the Firebug (level 5, -2/40 HPs)
             Began as a Demigod Fire Elementalist on Nov 17, 2016.
             Slain by an orc wizard
             ... wielding a +0 dagger
              (4 damage)
             ... on level 4 of the Dungeon.
             The game lasted 00:31:37 (5003 turns).

smedtjen the Firebug (Demigod Fire Elementalist)    Turns: 5003, Time: 00:31:39

Health: -2/40      AC:  3    Str: 11    XL:     5   Next: 40%
Magic:  6/11       EV: 13    Int: 21    God:
Gold:   195        SH:  0    Dex: 16    Spells: 2 memorised, 6 levels left

rFire  . . .     SeeInvis .     l - +0 club
rCold  . . .     Gourm    .     s - +0 robe
rNeg   . . .     Faith    .     (no shield)
rPois  .         Spirit   .     (no helmet)
rElec  .         Reflect  .     (no cloak)
rCorr  .         Harm     .     (no gloves)
MR     .....                    f - +0 pair of boots
Stlth  +++.......               (no amulet)
                                k - ring of stealth
                                (no ring)

@: about to teleport, very slightly contaminated
A: high mp 1
a: no special abilities


You were on level 4 of the Dungeon.
You were not hungry.

You visited 1 branch of the dungeon, and saw 4 of its levels.

You collected 195 gold pieces.

Inventory:

Hand Weapons
 l - a +0 club (weapon)
Missiles
 g - 5 tomahawks (quivered)
 h - 124 stones
 p - 40 arrows
 A - 26 bolts
Armour
 f - a +0 pair of boots (worn)
 q - a +0 leather armour
 s - a +0 robe (worn)
Jewellery
 k - a ring of stealth (right hand)
Scrolls
 t - a scroll of random uselessness
 u - a scroll of enchant weapon
 w - a scroll of immolation
Potions
 a - 3 potions of haste
 e - a potion of mutation {unknown}
 i - a potion of curing
 n - a potion of berserk rage {unknown}
 r - a potion of brilliance {unknown}
 v - a potion of might {unknown}
Books
 b - a book of Flames

   Spells                             Type                      Level
   a - Flame Tongue                   Conjuration/Fire             1
   b - Throw Flame                    Conjuration/Fire             2
   c - Conjure Flame                  Conjuration/Fire             3
   d - Inner Flame                    Hexes/Fire                   3
   e - Sticky Flame                   Conjuration/Fire             4
   f - Fireball                       Conjuration/Fire             5
 c - a book of Necromancy

   Spells                             Type                      Level
   a - Pain                           Necromancy                   1
   b - Animate Skeleton               Necromancy                   1
   c - Vampiric Draining              Necromancy                   3
   d - Regeneration                   Charms/Necromancy            3
   e - Animate Dead                   Necromancy                   4
   f - Control Undead                 Necromancy                   4
Comestibles
 d - 2 beef jerkies
 j - a bread ration


   Skills:
 + Level 1.3 Fighting
 + Level 0.3 Maces & Flails
 + Level 0.5 Armour
 + Level 2.1 Dodging
 + Level 2.5 Stealth
 + Level 0.6 Unarmed Combat
 + Level 2.6 Spellcasting
 + Level 2.2 Conjurations
 + Level 3.6 Fire Magic


You had 6 spell levels left.
You knew the following spells:

 Your Spells              Type           Power        Failure   Level  Hunger
a - Flame Tongue          Conj/Fire      ###..        4%          1    None
b - Throw Flame           Conj/Fire      ###...       8%          2    ##.....


Dungeon Overview and Level Annotations

Branches:
Dungeon (4/15)
 Temple: D:4-7


Innate Abilities, Weirdness & Mutations

You have an increased reservoir of magic. (+10% MP)


Message History

Press: ? - help, Shift-Dir - straight line Something hits you.
* * * LOW HITPOINT WARNING * * *
The orc barely misses you.
Casting: Flame Tongue
Confirm with . or Enter, or press ? or * to list all spells.
Aiming: Flame Tongue
Press: ? - help, Shift-Dir - straight line
Okay, then.
You barely miss something.
The crimson imp blinks!
Something hits you but does no damage. The orc misses you.
You closely miss something. Something hits you but does no damage.
The orc closely misses you.
You hit something. Something hits you but does no damage.
The orc hits you with a flail!
* * * LOW HITPOINT WARNING * * *
Something hits you but does no damage.
As you read the scroll of teleportation, it crumbles to dust.
You feel strangely unstable. The orc misses you. Something hits you.
You die...

##.#####.##)#######....#
# #.##)####### #.##
####.##........ #
........#######
)####.#.# #.#.# #.#.#
#)### #@oo# ###5# #.#
#o# #o# #.. #.# #.#


You could see a crimson imp and 2 orcs.

Vanquished Creatures
  The ghost of dscm the Insei, a weakling OpTm (D:4)
  2 orc wizards (D:4)
  Ijyb (D:3)
  An iguana (D:4)
  3 adders
  A worm (D:3)
  2 orcs (D:4)
  A ball python (D:1)
  3 bat skeletons (D:3)
  A bat zombie (D:3)
  5 giant cockroaches
  5 goblins
  3 hobgoblins
  4 jackals (D:2)
  7 bats
  6 frilled lizards
  2 kobolds
  6 rats
54 creatures vanquished.

Notes
Turn   | Place    | Note
-------+----------+-------------------------------------------
     0 | D:1      | smedtjen the Demigod Fire Elementalist began the quest for the Orb.
     0 | D:1      | Reached XP level 1. HP: 14/14 MP: 5/5
   928 | D:1      | Reached skill level 3 in Fire Magic
  1046 | D:1      | Reached XP level 2. HP: 20/20 MP: 5/7
  1050 | D:1      | Learned a level 2 spell: Throw Flame
  1396 | D:1      | Reached skill level 1 in Conjurations
  1965 | D:2      | Reached XP level 3. HP: 23/27 MP: 5/8
  2326 | D:2      | Found a shadowy altar of Dithmenos.
  2716 | D:3      | Noticed Ijyb
  2724 | D:3      | Killed Ijyb
  3287 | D:3      | Reached XP level 4. HP: 34/34 MP: 7/10
  3555 | D:3      | Found an ancient bone altar of Kikubaaqudgha.
  4385 | D:4      | Noticed dscm's ghost (weakling OpTm)
  4419 | D:4      | Killed dscm's ghost
  4419 | D:4      | Reached skill level 1 in Fighting
  4419 | D:4      | Reached XP level 5. HP: 23/40 MP: 0/11
  5002 | D:4      | HP: 2/40 [orc/flail (10)]
  5003 | D:4      | Slain by an orc wizard

Skill      XL: |  1  2  3  4  5 |
---------------+----------------+-----
Fire Magic     | 3 |  3.6
Spellcasting   | 2 |  2.6
Conjurations   | 1 2 |  2.2
Stealth        | 2 |  2.5
Dodging        | 2 |  2.1
Fighting       | 1 |  1.3
Maces & Flails | |  0.3
Armour         | |  0.5
Unarmed Combat | |  0.6

Action                   |  1- 3 |  4- 6 || total
-------------------------+-------+-------++-------
Melee: Unarmed           |    37 |       ||    37
       Club              |       |    76 ||    76
 Cast: Flame Tongue      |    46 |    24 ||    70
       Throw Flame       |    13 |    14 ||    27
  Use: Scroll            |     7 |     4 ||    11
       Potion            |       |     3 ||     3
  Eat: Chunk             |     3 |       ||     3
       Bread ration      |     2 |       ||     2
       Meat ration       |       |     1 ||     1
Armor: Robe              |     5 |    74 ||    79
       Leather armour    |    12 |       ||    12
       Skin              |       |    24 ||    24
Dodge: Dodged            |    70 |   138 ||   208
